 Dungeon Crawl Stone Soup version 0.27-a0-920-gb2bd10914a (webtiles) character file.

Game seed: 16125240056564012058

65765 mhtbhm the Bludgeoner (level 15, -1/100 HPs)
             Began as a Gargoyle Berserker on Apr 9, 2021.
             Was a High Priest of Trog.
             Slain by a starcursed mass (4 damage)
             ... on level 2 of the Abyss.
             The game lasted 00:26:28 (22475 turns).

mhtbhm the Bludgeoner (Gargoyle Berserker)         Turns: 22475, Time: 00:26:28

Health: -1/100     AC: 32    Str: 41    XL:     15   Next: 17%
Magic:  0/15       EV: 13    Int:  9    God:    Trog [*****.]
Gold:   1342       SH:  0    Dex:  9    Spells: 14/14 levels left

rFire    . . .     SeeInvis .   a - +0 morningstar (venom)
rCold    + + +     Faith    .   (no shield)
rNeg     + . .     Spirit   +   b - +4 scale mail {rC+}
rPois    ∞         Reflect  .   L - +0 hat {Will+}
rElec    +         Harm     .   c - +1 cloak
rCorr    .         Rampage  +   C - +2 pair of gloves
Will     ++...     Clarity  +   q - +0 pair of boots {rampage}
Stlth    ..........             B - amulet of Kieril {Spirit rF- rC+ Str+9}
HPRegen  0.26/turn              p - +6 ring of strength
MPRegen  0.14/turn              u - +4 ring of slaying

@: confused, about to teleport, ambrosia-drunk, on berserk cooldown, flying,
slowed, very slow
A: AC +11, big wings, negative energy resistance 1, electricity resistance,
torment resistance 1, unbreathing 1, petrification resistance, iridescent scales
1, clarity, cold resistance 1, fire resistance 1
a: Renounce Religion, Berserk, Trog's Hand, Brothers in Arms


You were on level 2 of the Abyss.
You worshipped Trog.
Trog was extremely pleased with you.
You visited 3 branches of the dungeon, and saw 18 of its levels.
You visited the Abyss 1 time.
You also visited: Sewer.

You collected 1426 gold pieces.
You spent 84 gold pieces at shops.

Inventory:

Hand Weapons
 a - a +0 morningstar of venom (weapon)
 A - a +3 dire flail of flaming
Missiles
 e - 9 atropa-tipped darts
 n - 4 datura-tipped darts (quivered)
 o - 4 curare-tipped darts
 J - 3 throwing nets
Armour
 b - a +4 scale mail of cold resistance (worn)
 c - a +1 cloak (worn)
 q - a +0 pair of boots of rampaging (worn)
 C - a +2 pair of gloves (worn)
 L - a +0 hat of willpower (worn)
Jewellery
 p - a +6 ring of strength (left hand)
 r - a +4 ring of protection
 u - a +4 ring of slaying (right hand)
 B - the amulet of Kieril (around neck) {Spirit rF- rC+ Str+9}
   (You acquired it on level 9 of the Dungeon)

   [amulet of guardian spirit]

   It causes incoming damage to be divided between your reserves of health and
   magic.
   It affects your strength (+9).
   It makes you vulnerable to fire.
   It protects you from cold.
Wands
 f - a wand of iceblast (4)
 i - a wand of random effects (10)
 G - a wand of paralysis (5)
 Q - a wand of mindburst (12)
Scrolls
 g - 11 scrolls of teleportation
 j - 3 scrolls of fog {unknown}
 m - 3 scrolls of blinking
 s - a scroll of fear
 t - 5 scrolls of enchant armour
 w - 3 scrolls of immolation {unknown}
 y - 4 scrolls of magic mapping
 M - 3 scrolls of enchant weapon {unknown}
Potions
 d - 4 potions of haste
 h - 10 potions of curing
 k - 2 potions of ambrosia
 v - a potion of invisibility
 z - 5 potions of might {unknown}
 D - a potion of resistance {unknown}
 K - 3 potions of degeneration {unknown}
 O - a potion of magic
 P - a potion of attraction {unknown}
Miscellaneous
 l - a box of beasts
 F - a phantom mirror


   Skills:
 + Level 14.1 Fighting
 + Level 17.1 Maces & Flails
 + Level 8.1 Armour
 + Level 10.1 Dodging
 - Level 6.3 Stealth
 + Level 1.0 Unarmed Combat
 + Level 1.0 Evocations


You had 14 spell levels left.
You didn't know any spells.
Your spell library was empty.

Dungeon Overview and Level Annotations

Branches:
Dungeon (11/15)            Temple (0/1) D:5            Lair (6/6) D:11
 Shoals (0/4) Lair:2       Spider (1/4) Lair:3        Slime (0/5) Lair:5
    Orc (0/2) D:10          Sewer (visited)

Altars:
Ashenzari
Elyvilon
Fedhas
Makhleb
Nemelex Xobeh
Ru
Sif Muna
Trog
Zin

Shops:
D:6 *   D:7 =   D:11 [

Annotations:
Spider:1 Louise


Innate Abilities, Weirdness & Mutations

Your stone body is resilient. (AC +11)
You are immune to poison.
Your large and strong wings let you fly.
You resist negative energy. (rN+)
You are resistant to electric shocks. (rElec)
You are resistant to unholy torment.
You can survive without breathing.
You are immune to petrification.
You are partially covered in iridescent scales. (AC +2)
You possess an exceptional clarity of mind.
Your flesh is cold resistant. (rC+)
Your flesh is heat resistant. (rF+)


Message History

The starcursed mass barely misses you. The starcursed mass closely misses you.
The starcursed mass touches you but does no damage.
The starcursed mass barely misses you.
Unknown command.
Unknown command.
You puncture the starcursed mass!
You destroy the starcursed mass!
Trog accepts your kill. The Executioner barely misses you.
The Executioner hits you but does no damage. x2
The Executioner misses you.
The Executioner hits you but does no damage.
The Executioner closely misses you.
The thrashing horror tramples you but does no damage. x2
The Executioner hits you but does no damage. x3
The starcursed mass touches you but does no damage. x2
Unknown command.
Unknown command.
You puncture the starcursed mass!
You destroy the starcursed mass!
Trog accepts your kill. The Executioner hits you!
* * * LOW HITPOINT WARNING * * *
The Executioner closely misses you.
The Executioner hits you but does no damage.
The Executioner hits you.
* * * LOW HITPOINT WARNING * * *
The Executioner hits you but does no damage.
The Executioner hits you.
* * * LOW HITPOINT WARNING * * *
The thrashing horror tramples you but does no damage.
The thrashing horror misses you. The Executioner hits you!
* * * LOW HITPOINT WARNING * * *
The Executioner hits you but does no damage.
The Executioner misses you. A chorus of shrieks assaults your mind.
* * * LOW HITPOINT WARNING * * *
The starcursed mass touches you but does no damage.
The starcursed mass touches you.
You die...

. .. .. # ... .#
## #. .#. ..#..#
.. #. .. #.#...##
#.##.##.#.#....
..
#..#...#Y#X#..#.#
.....XXXXX#..
(### . # ##@.#.
..#...
#..1.##..#. #
#...##.. ## #.. #
#..#..###### ..##
#. ##. ≈. #. ..
.# ##.. . . . ..#
.# # . # # #..#


You could see 4 starcursed masses, an Executioner (fast), 2 thrashing horrors
and an ice beast.

Vanquished Creatures
  Gastronok (D:9)
  The ghost of Lobster4 the Protected, a journeyman GnWn of Okawaru (Lair:6)
  The ghost of Baigul the Destroyer, a journeyman NaCj of Vehumet (Lair:1)
  5 hydras
  Josephine (D:11)
  A catoblepas (Lair:6)
  A boulder beetle (D:11)
  The ghost of robertstho the Thaumaturge, a journeyman DjFE of Makhleb (D:11)
  5 two-headed ogres
  10 death yaks
  A lindwurm (Lair:6)
  A deep elf pyromancer (D:10)
  4 oklob plants (Lair:4)
  2 cyclopes
  2 wolf spiders
  An ugly thing (D:11)
  3 manticores
  7 black mambas
  14 elephants
  Maurice (D:11)
  2 centaur zombies
  3 torpor snails (Lair:6)
  13 cane toads
  5 rime drakes
  8 komodo dragons
  A troll (D:11)
  An ancient zyme (Abyss:2)
  A queen bee (D:11)
  A hornet (D:10)
  A meliai (D:11)
  11 polar bears
  2 raiju (Lair:6)
  A blink frog (Lair:6)
  13 dream sheep
  3 redbacks (Lair:3)
  Sigmund (D:6)
  2 shadows (D:11)
  3 spriggans (Lair:6)
  3 wraiths (D:11)
  5 wyverns
  25 yaks
  3 basilisks
  11 vampire mosquitoes
  2 steam dragons
  4 wargs (Lair:6)
  An acid dragon (D:11)
  16 water moccasins
  15 hell hounds (Lair:6)
  3 orc warriors
  A necrophage (D:8)
  A sky beast (D:7)
  11 black bears (Lair:6)
  2 ice beasts
  4 ogres
  20 wolves
  2 centaurs
  A phantom (D:6)
  3 kobold brigands
  20 bullfrogs
  A gnoll sergeant (D:10)
  A wyvern zombie (D:6)
  A water moccasin zombie (D:6)
  2 scorpions (D:4)
  12 killer bees
  10 wights
  An electric eel (Lair:2)
  2 starcursed masses (Abyss:2)
  3 orc priests
  A gnoll shaman (D:8)
  2 jellies
  Crazy Yiuf (D:4)
  3 bullfrog skeletons
  2 hounds
  3 iguanas
  2 orc wizards
  A howler monkey zombie (D:8)
  10 gnolls
  5 river rats (Sewer)
  16 adders
  A shadow imp (D:5)
  2 white imps (D:6)
  A howler monkey simulacrum (D:10)
  An ufetubus (D:7)
  3 worms
  8 dart slugs
  14 orcs
  5 ball pythons (Sewer)
  2 bats
  12 endoplasms
  3 giant cockroaches
  9 goblins
  9 hobgoblins
  4 jackals (D:1)
  18 kobolds
  2 quokkas
  7 frilled lizards
  11 rats
  A plant (Lair:5)
480 creatures vanquished.

Vanquished Creatures (collateral kills)
  A moth of wrath (Lair:6)
  A hornet (Lair:6)
  A spriggan (Lair:6)
3 creatures vanquished.

Vanquished Creatures (others)
  A basilisk (Lair:5)
  18 fungi
  56 plants
75 creatures vanquished.

Grand Total: 558 creatures vanquished

Notes
Turn   | Place    | Note
-------+----------+-------------------------------------------
     0 | D:1      | mhtbhm the Gargoyle Berserker began the quest for the Orb.
     0 | D:1      | Reached XP level 1. HP: 14/14 MP: 1/1
   247 | D:1      | Reached XP level 2. HP: 6/19 MP: 2/2
   628 | D:1      | Reached XP level 3. HP: 23/24 MP: 3/3
  1588 | D:2      | Reached skill level 4 in Maces & Flails
  1591 | D:2      | Reached XP level 4. HP: 20/29 MP: 4/4
  2094 | D:2      | Found a faded altar of an unknown god.
  2354 | D:3      | Noticed a steam dragon
  2366 | D:3      | Killed a steam dragon
  2366 | D:3      | Reached ** piety under Trog
  2367 | D:3      | Reached skill level 5 in Maces & Flails
  2367 | D:3      | Reached XP level 5. HP: 6/34 MP: 5/5
  2367 | D:3      | Reached XP level 6. HP: 7/39 MP: 6/6
  2809 | D:3      | Found a burning altar of Makhleb.
  2812 | D:3      | Found a sparkling altar of Nemelex Xobeh.
  2838 | D:3      | Found a shimmering blue altar of Sif Muna.
  2848 | D:3      | Found a white marble altar of Elyvilon.
  3072 | D:3      | Found a sacrificial altar of Ru.
  3678 | D:4      | Noticed an orc warrior
  3719 | D:5      | Entered Level 5 of the Dungeon
  3854 | D:5      | Reached skill level 6 in Maces & Flails
  3854 | D:5      | Reached XP level 7. HP: 42/44 MP: 7/7
  4222 | D:4      | Reached skill level 1 in Stealth
  4528 | D:4      | Found a runed translucent door.
  4529 | D:4      | Noticed Crazy Yiuf
  4538 | D:4      | Killed Crazy Yiuf
  4539 | D:4      | Reached skill level 5 in Fighting
  4730 | D:5      | Reached skill level 7 in Maces & Flails
  4730 | D:5      | Reached XP level 8. HP: 49/49 MP: 8/8
  5028 | D:5      | Found a staircase to the Ecumenical Temple.
  5342 | D:6      | Found Corgh's Assorted Antiques.
  5343 | D:6      | Noticed Sigmund
  5362 | D:6      | Killed Sigmund
  5363 | D:6      | Reached skill level 8 in Maces & Flails
  5383 | D:6      | Bought a scroll of identify for 42 gold pieces
  5383 | D:6      | Bought a scroll of identify for 42 gold pieces
  5403 | D:6      | Found a glowing drain.
  5413 | Sewer    | Entered a sewer
  5423 | Sewer    | Reached *** piety under Trog
  5999 | D:6      | Reached XP level 9. HP: 49/55 MP: 9/9
  6243 | D:6      | Found a broken altar of Ashenzari.
  6330 | D:6      | Found a glowing silver altar of Zin.
  6471 | D:6      | Found a blossoming altar of Fedhas.
  6585 | D:6      | Reached skill level 9 in Maces & Flails
  6987 | D:7      | Found Zicenyr's Jewellery Shoppe.
  7033 | D:7      | Reached skill level 5 in Armour
  7170 | D:7      | Reached skill level 10 in Maces & Flails
  8017 | D:7      | Gained mutation: Potions are less effective at restoring
                  | your health. [potion of mutation]
  8017 | D:7      | Gained mutation: Your flesh is cold resistant. (rC+)
                  | [potion of mutation]
  8017 | D:7      | Gained mutation: Your muscles are strong. (Str +2) [potion
                  | of mutation]
  8343 | D:8      | Reached **** piety under Trog
  8927 | D:8      | Noticed a two-headed ogre
  8935 | D:8      | Killed a two-headed ogre
  8936 | D:8      | Reached skill level 5 in Dodging
  8936 | D:8      | Reached XP level 10. HP: 63/63 MP: 10/10
  9099 | D:9      | Noticed a two-headed ogre
  9107 | D:9      | Killed a two-headed ogre
  9108 | D:9      | Reached skill level 11 in Maces & Flails
  9108 | D:9      | Identified 2 scrolls of acquirement
  9110 | D:9      | Acquired the amulet of Kieril {Spirit rF- rC+ Str+9}
  9126 | D:9      | Acquired a +0 pair of boots of rampaging
  9254 | D:9      | Noticed a cyclops
  9261 | D:9      | Killed a cyclops
  9541 | D:9      | Noticed Gastronok
  9554 | D:9      | Killed Gastronok
  9555 | D:9      | Reached skill level 12 in Maces & Flails
  9555 | D:9      | Reached XP level 11. HP: 46/68 MP: 5/11
  9983 | D:10     | Entered Level 10 of the Dungeon
 10059 | D:10     | Noticed a manticore
 10062 | D:10     | Noticed a deep elf pyromancer
 10071 | D:10     | Killed a manticore
 10079 | D:10     | Killed a deep elf pyromancer
 10157 | D:10     | Reached skill level 5 in Stealth
 10176 | D:10     | Noticed a two-headed ogre
 10188 | D:10     | Killed a two-headed ogre
 10556 | D:10     | Found a staircase to the Orcish Mines.
 11083 | D:11     | Reached skill level 13 in Maces & Flails
 11093 | D:11     | Noticed robertstho's ghost (journeyman DjFE)
 11123 | D:11     | Noticed Maurice
 11139 | D:11     | Noticed a centaur warrior
 11463 | D:11     | Noticed a green ugly thing
 11465 | D:11     | Noticed a two-headed ogre
 11471 | D:11     | Killed a green ugly thing
 11473 | D:11     | Noticed a cyclops
 11477 | D:11     | Killed a two-headed ogre
 11480 | D:11     | Killed a cyclops
 11656 | D:11     | Noticed a boulder beetle
 11665 | D:11     | Killed a boulder beetle
 11666 | D:11     | Reached XP level 12. HP: 45/76 MP: 8/12
 11876 | D:11     | Found Wepetes's Antique Armour Shoppe.
 11920 | D:11     | Noticed Josephine
 11930 | D:11     | Killed Josephine
 12181 | D:11     | Found a staircase to the Lair.
 12196 | D:11     | Noticed a two-headed ogre
 12203 | D:11     | Killed a two-headed ogre
 12204 | D:11     | Reached skill level 10 in Fighting
 12238 | D:11     | Killed Maurice
 12283 | D:11     | Found a transporter.
 12283 | D:11     | Found a transporter.
 12316 | D:11     | Reached ***** piety under Trog
 12608 | D:11     | Reached skill level 14 in Maces & Flails
 12630 | D:11     | Killed robertstho's ghost
 12631 | D:11     | Reached skill level 1 in Unarmed Combat
 12985 | Lair:1   | Entered Level 1 of the Lair of Beasts
 13222 | Lair:1   | Found a runed translucent door.
 13869 | Lair:1   | Noticed Baigul's ghost (journeyman NaCj)
 14288 | Lair:1   | Killed Baigul's ghost
 14294 | Lair:1   | Identified the +6 flail "Xuasoise" {flame, rN+}
 14611 | Lair:2   | Reached XP level 13. HP: 73/84 MP: 11/13
 15016 | Lair:2   | Found a staircase to the Shoals.
 15563 | Lair:3   | Reached skill level 15 in Maces & Flails
 15806 | Lair:3   | Found a hole to the Spider Nest.
 16170 | Lair:3   | Identified the +6 long sword "Seuskou" {elec, +Rage Dex+6}
 16359 | Lair:4   | Received a gift from Trog
 17954 | Lair:5   | Reached skill level 16 in Maces & Flails
 17954 | Lair:5   | Gained mutation: Your large and strong wings let you fly.
                  | [Gargoyle growth]
 17954 | Lair:5   | Reached XP level 14. HP: 92/92 MP: 14/14
 17984 | Lair:5   | Found a staircase to the Slime Pits.
 18918 | Lair:6   | Entered Level 6 of the Lair of Beasts
 19015 | Lair:6   | Found a transporter.
 19024 | Lair:6   | Found a transporter.
 19123 | Lair:6   | Found a bloodstained altar of Trog.
 19125 | Lair:6   | Noticed Lobster4's ghost (journeyman GnWn)
 19784 | Lair:6   | Received a gift from Trog
 20753 | Lair:6   | Reached skill level 1 in Evocations
 21201 | Lair:6   | Reached skill level 10 in Dodging
 21470 | Lair:6   | Reached XP level 15. HP: 91/100 MP: 15/15
 21658 | Lair:6   | Reached skill level 17 in Maces & Flails
 21678 | Lair:6   | Received a gift from Trog
 21917 | Lair:6   | Killed Lobster4's ghost
 22017 | Lair:6   | Lost mutation: Your muscles are strong. (Str +2) [potion of
                  | mutation]
 22017 | Lair:6   | Lost mutation: Potions are less effective at restoring your
                  | health. [potion of mutation]
 22017 | Lair:6   | Gained mutation: You possess an exceptional clarity of
                  | mind. [potion of mutation]
 22017 | Lair:6   | Gained mutation: Your flesh is heat resistant. (rF+)
                  | [potion of mutation]
 22017 | Lair:6   | Gained mutation: You are partially covered in iridescent
                  | scales. (AC +2) [potion of mutation]
 22355 | Spider:1 | Entered Level 1 of the Spider Nest
 22356 | Spider:1 | Noticed Louise
 22382 | Spider:1 | Cast into level 2 of the Abyss (Louise)
 22465 | Abyss:2  | Noticed an Executioner
 22475 | Abyss:2  | HP: 3/100 [starcursed mass/accursed screaming (4)]
 22475 | Abyss:2  | Slain by a starcursed mass

Illustrated notes

Levels and vault maps discovered:
D:1:      dpeg_arrival_concentric_ovals, layout_loops_ring
D:2:      layout_loops_ring, ebering_ecumenical_altar_rust
D:3:      cheibrodos_thug_alley, layout_basic, grunt_temple_overflow_cloverleaf,
          nicolae_ru_awakened_eye
D:4:      layout_gridville, serial_glass, glass_columns_a, glass_columns_a,
          item_on_display_b, due_unseen_surprise, item_on_display_a,
          feat_on_display, nrook_campfire, uniq_crazy_yiuf_cottage
D:5:      layout_rooms, minmay_temple_entry_grid
D:6:      layout_basic, nicolae_ashenzari_panopticon, marbit_many_paths,
          fedhas_altar_4, serial_shops, shop, cheibrodos_sewer_entry_drain,
          kennysheep_generic_room_14, uniq_sigmund
D:7:      layout_basic, serial_shops, shop, hangedman_decor_riveting
D:8:      layout_layer_cave
D:9:      layout_irregular_city, corexii_leaking_fountain, uniq_gastronok
D:10:     layout_gridville, orc_0_dummy, minmay_radiant
D:11:     layout_roguey, lair_entry_dummy, serial_shops,
          nicolae_shop_statue_plus, gammafunk_ghost_hive, uniq_josephine,
          uniq_maurice
Lair:1:   layout_cave_pods, ebering_ghost_reflecting_pool, minivault_25,
          cheibrodos_lair_reptile_den
Lair:2:   layout_cave_pods, elwin_shoals_entry_rocks, serial_bayou_shore_a
Lair:3:   minmay_lair_venomous_thicket, layout_misc_corridors,
          spider_nest_entry_webs, beast_lair_carwin_2
Lair:4:   layout_gridlike, minmay_lair_oklob_chamber
Lair:5:   layout_loops_ring, nicolae_slime_entry_slimehenge
Lair:6:   hangedman_lair_caniforms_friends, layout_small_grid,
          hangedman_lair_in_review, gammafunk_ghost_wrathful_warriors
Spider:1: layout_spider_delve, ebering_ghost_inner_flame, uniq_louise,
          uniq_frances
Abyss:2:  base:
D:2

Skill      XL: |  1  2  3  4  5  6  7  8  9 10 11 12 13 14 15 |
---------------+----------------------------------------------+-----
Maces & Flails | 4 5 6 7 8 10 12 13 14 16 17 | 17.1
Dodging        | 2 3 5 6 8 10 | 10.1
Fighting       | 4 5 7 8 9 11 12 13 14 | 14.1
Armour         | 3 4 5 6 7 8 |  8.1
Stealth        | 1 2 3 4 5 6 |  6.3
Unarmed Combat | 1 |  1.0
Evocations     | 1 |  1.0

Action                   |  1- 3 |  4- 6 |  7- 9 | 10-12 | 13-15 || total
-------------------------+-------+-------+-------+-------+-------++-------
Melee: Mace              |    81 |     4 |       |       |       ||    85
       Flail             |       |   174 |   263 |       |       ||   437
       Morningstar       |       |       |    67 |   385 |   764 ||  1216
       Unarmed           |       |       |       |     9 |       ||     9
       Punch             |       |       |       |     2 |     3 ||     5
Invok: Berserk           |     1 |     2 |    10 |     7 |    18 ||    38
       Trog's Hand       |       |       |       |       |     1 ||     1
       Brothers in Arms  |       |       |       |       |     1 ||     1
Evoke: Wand              |       |       |       |       |     5 ||     5
  Use: Scroll            |       |     4 |     8 |     9 |     2 ||    23
       Potion            |       |       |     1 |     1 |     8 ||    10
 Stab: Sleeping          |     1 |       |     1 |     4 |     5 ||    11
       Invisible         |       |       |       |       |     6 ||     6
       Distracted        |       |       |       |       |     3 ||     3
       Petrified         |       |       |       |       |     3 ||     3
       Paralysed         |       |       |       |       |     2 ||     2
Armor: Animal skin       |    20 |       |       |       |       ||    20
       Leather armour    |     5 |    99 |   164 |   289 |   289 ||   846
       Ring mail         |       |       |       |       |    92 ||    92
       Scale mail        |       |       |       |       |   150 ||   150
Dodge: Dodged            |    55 |   113 |   180 |   371 |   543 ||  1262

Table legend: (Time is in decaauts)
 A = Elapsed time spent in this place.
 B = Non-inter-level travel time spent in this place.
 C = Inter-level travel time spent in this place.
 D = Time resting spent in this place.
 E = Time spent auto-exploring this place.
 F = Levels seen in this place.
 G = Mean time per level.
                   A        B        C        D        E       F      G
               +--------+--------+--------+--------+--------+-----+--------+
         Total |  22686 |  22519 |    167 |   4963 |  13507 |  20 | 1134.3 |
       Dungeon |  12812 |  12695 |    117 |   2728 |   7719 |  11 | 1164.7 |
          Lair |   9306 |   9256 |     50 |   2163 |   5532 |   6 | 1551.0 |
   Spider Nest |     19 |     19 |      0 |      0 |      0 |   1 |   19.0 |
         Abyss |     98 |     98 |      0 |     70 |      0 |   1 |   98.0 |
         Sewer |    450 |    450 |      0 |      0 |    255 |   1 |  450.0 |
               +--------+--------+--------+--------+--------+-----+--------+

Top non-repeatable levels by time:
  Lair:6: 3250 daAuts
    D:11: 1929 daAuts
  Lair:4: 1620 daAuts
     D:1: 1387 daAuts
  Lair:1: 1369 daAuts
     D:3: 1353 daAuts
     D:6: 1216 daAuts
  Lair:3: 1203 daAuts
     D:7: 1119 daAuts
     D:5: 1103 daAuts
    D:10: 1090 daAuts
  Lair:5: 1057 daAuts
     D:8: 1040 daAuts
     D:2: 935 daAuts
     D:9: 932 daAuts
